 Dungeon Crawl Stone Soup version 0.20.1-1-g8b1a95d (webtiles) character file.

343 slep the Slasher (level 6, -12/48 HPs)
             Began as a Demonspawn Abyssal Knight on Oct 31, 2017.
             Was a Believer of Lugonu.
             Mangled by an ogre
             ... wielding a +0 giant club
              (28 damage)
             ... on level 4 of the Dungeon.
             The game lasted 00:19:51 (2882 turns).

slep the Slasher (Demonspawn Abyssal Knight)        Turns: 2882, Time: 00:19:52

Health: -12/48     AC:  6    Str: 12    XL:     6   Next: 31%
Magic:  8/8        EV: 11    Int: 14    God:    Lugonu [**....]
Gold:   217        SH:  3    Dex: 14    Spells: 5/5 levels left

rFire    . . .     SeeInvis .   a - +2 falchion
rCold    . . .     Gourm    +   z - +0 buckler
rNeg     . . .     Faith    .   v - +2 robe {MR+}
rPois    .         Spirit   .   (no helmet)
rElec    .         Reflect  .   h - +1 cloak
rCorr    .         Harm     .   (no gloves)
MR       +....                  (no boots)
Stlth    +.........             C - amulet of the gourmand
Regen    0.2/turn               r - ring of wizardry
MPRegen  0.2/turn               (no ring)

@: heavily drained
A: demonic guardian 1, powered by pain 2
a: Depart the Abyss, Bend Space, Renounce Religion


You were on level 4 of the Dungeon.
You worshipped Lugonu.
Lugonu was pleased with you.
You were not hungry.

You visited 1 branch of the dungeon, and saw 4 of its levels.
You visited the Abyss 1 time.

You collected 217 gold pieces.

Inventory:

Hand Weapons
 a - a +2 falchion (weapon)
 u - a +0 short sword of draining
Missiles
 s - 7 javelins (quivered)
Armour
 b - a +0 leather armour
 h - a +1 cloak (worn)
 j - a +1 cloak
 v - a +2 robe of magic resistance (worn)
 z - a +0 buckler (worn)
Jewellery
 p - an uncursed amulet of harm
 r - a ring of wizardry (left hand)
 C - an amulet of the gourmand (around neck)
Wands
 w - a wand of flame (36/48)
 B - a wand of enslavement (16/24)
Scrolls
 i - 2 scrolls of teleportation
 m - 4 scrolls of enchant armour {unknown}
 o - 2 scrolls of noise {unknown}
 t - a scroll of fear {unknown}
 x - a scroll of identify
 y - 4 scrolls of immolation {unknown}
Potions
 e - a potion of ambrosia
 f - a potion of flight
 k - 2 potions of lignification
 l - 2 potions of cancellation {unknown}
 n - a potion of curing
 q - 2 potions of agility {unknown}
 A - a potion of brilliance {unknown}
Comestibles
 c - 5 bread rations
 d - 2 royal jellies
 g - 6 meat rations
 D - a chunk of flesh


   Skills:
 + Level 3.8(2.5) Fighting
 + Level 4.8(3.5) Long Blades
 + Level 2.4(1.2) Armour
 + Level 2.0(0.8) Dodging
 + Level 0.8(0.0) Stealth
 + Level 2.9(1.7) Invocations


You had 5 spell levels left.
You didn't know any spells.

Dungeon Overview and Level Annotations

Branches:
Dungeon (4/15)
 Temple: D:4-7

Altars:


Innate Abilities, Weirdness & Mutations

A weak demonic guardian rushes to your aid.
You sometimes gain power by taking damage.


Message History

D - a chunk of flesh A jackal comes into view.
The jackal barks!
A jackal and an ogre come into view.
The ogre shouts!
The jackal barks!
The jackal bites you.
You miss the jackal. The jackal closely misses you.
You riposte.
You closely miss the jackal. The jackal bites you.
You hit the jackal.
The jackal is almost dead.
You slash the jackal!
You kill the jackal!
Lugonu accepts your kill.
Your iron imp barely misses the jackal.
You block the jackal's attack.
You hit the jackal.
You kill the jackal!
Lugonu accepts your kill. The ogre hits you with a giant club!!
Ouch! That really hurt!
You die...

##...........#
#............#
#.............
#.........)....
#.?............
#..(............
#.....†O......<..
#.....@5.........
#................
##...............
#................
#...............#
#..#..........#.#
#..##...........#
#.. ###......#.#
.. ####.......##


You could see an ogre and a friendly iron imp.

Vanquished Creatures
  Crazy Yiuf (D:2)
  An iguana (D:4)
  An orc wizard (D:3)
  A worker ant (D:4)
  6 adders
  4 oozes
  3 worms
  3 dart slugs
  3 leopard geckos
  3 orcs (D:3)
  5 giant cockroaches
  6 goblins
  9 hobgoblins
  7 jackals
  7 bats
  4 frilled lizards
  A jackal skeleton (D:4)
  9 kobolds
  10 rats
84 creatures vanquished.

Vanquished Creatures (collateral kills)
  An ogre (D:4)
  An orc wizard (D:3)
  An orc priest (D:3)
  2 orcs (D:3)
5 creatures vanquished.

Grand Total: 89 creatures vanquished

Notes
Turn   | Place    | Note
-------+----------+-------------------------------------------
     0 | Abyss:1  | slep the Demonspawn Abyssal Knight began the quest for the Orb.
     0 | Abyss:1  | Reached XP level 1. HP: 18/18 MP: 2/2
    12 | Abyss:1  | Found a corrupted altar of Lugonu.
    17 | Abyss:1  | Found a sacrificial altar of Ru.
    50 | Abyss:1  | Noticed a wretched star
    69 | D:1      | Escaped the Abyss
   147 | D:1      | Reached skill level 2 in Long Blades
   179 | D:1      | Gained mutation: A weak demonic guardian rushes to your aid. [demonic ancestry]
   179 | D:1      | Reached XP level 2. HP: 22/24 MP: 4/4
   217 | D:1      | Reached * piety under Lugonu
   538 | D:1      | Reached XP level 3. HP: 24/29 MP: 5/5
  1086 | D:2      | Reached skill level 3 in Long Blades
  1086 | D:2      | Reached skill level 1 in Dodging
  1213 | D:2      | Reached XP level 4. HP: 26/35 MP: 6/6
  1576 | D:2      | Found a runed door.
  1829 | D:2      | Noticed Crazy Yiuf
  1837 | D:2      | Killed Crazy Yiuf
  1900 | D:3      | Gained mutation: You sometimes gain a little power by taking damage. [demonic ancestry]
  1900 | D:3      | Reached XP level 5. HP: 18/41 MP: 7/7
  2229 | D:3      | Reached skill level 4 in Long Blades
  2512 | D:3      | Reached ** piety under Lugonu
  2823 | D:4      | Noticed an ogre
  2840 | D:4      | Gained mutation: You sometimes gain power by taking damage. [demonic ancestry]
  2840 | D:4      | Reached XP level 6. HP: 28/48 MP: 8/8
  2882 | D:4      | Mangled by an ogre

Skill      XL: |  1  2  3  4  5  6 |
---------------+-------------------+-----
Long Blades    | 2 3 4 |  4.8
Armour         | 2 |  2.4
Dodging        | 1 2 |  2.0
Fighting       | |  3.8
Stealth        | |  0.8
Invocations    | |  2.9

Action                   |  1- 3 |  4- 6 || total
-------------------------+-------+-------++-------
Melee: Falchion          |   110 |   140 ||   250
Throw: Javelin           |       |     1 ||     1
Invok: Depart the Abyss  |     1 |       ||     1
  Use: Scroll            |     4 |     2 ||     6
       Potion            |       |     1 ||     1
 Stab: Sleeping          |     2 |       ||     2
  Eat: Chunk             |     1 |    12 ||    13
Armor: Leather armour    |    27 |    12 ||    39
       Skin              |       |     3 ||     3
       Robe              |       |    20 ||    20
Dodge: Dodged            |    66 |    83 ||   149
Block: Buckler           |       |     8 ||     8
       Rpst.: Falchion   |    21 |    22 ||    43
